 Dungeon Crawl Stone Soup version 0.27.0-1-g7a089689b8 (webtiles) character file.

Game seed: 5304566856864543356

21 sanka the Ducker (level 2, -1/11 HPs)
             Began as a Felid Necromancer on Aug 3, 2021.
             Slain by a kobold (5 damage)
             ... on level 1 of the Dungeon.
             The game lasted 00:01:00 (794 turns).

sanka the Ducker (Felid Necromancer)                 Turns: 794, Time: 00:01:01

Health: -1/11      AC:  1    Str:  4    XL:     2   Next: 62%
Magic:  6/6        EV: 19    Int: 16    God:
Gold:   13         SH:  0    Dex: 16    Spells: 4/5 levels left
                                        Lives:  0   Deaths: 0

rFire    . . .     SeeInvis +   (weapon unavailable)
rCold    . . .     Faith    .   (shield unavailable)
rNeg     . . .     Spirit   .   (armour unavailable)
rPois    .         Reflect  .   (helmet unavailable)
rElec    .         Harm     .   (cloak unavailable)
rCorr    .         Rampage  .   (gloves unavailable)
Will     .....                  (boots unavailable)
Stlth    ++........             (no amulet)
HPRegen  0.03/turn              (no ring)
MPRegen  0.10/turn              (no ring)

@: quick
A: very small, claws 1, fangs 3, see invisible, speed 1, shaggy fur 1, stealthy
paws, no weapons or thrown items, no armour, multi-lived
a: no special abilities


You were on level 1 of the Dungeon.
You visited 1 branch of the dungeon, and saw 1 of its levels.

You collected 13 gold pieces.


Innate Abilities, Weirdness & Mutations

You have sharp claws.
You have razor-sharp teeth.
You have supernaturally acute eyesight. (SInv)
You cover ground quickly. (Speed+)
You are covered in fur. (AC +1)
Your paws help you pounce on unaware monsters.
You are incapable of wielding weapons or throwing items.
You cannot wear armour.
You gain extra lives every three experience levels.


   Skills:
 + Level 4.4 Dodging
 - Level 2.6 Stealth
 - Level 2.0 Spellcasting
 - Level 4.0 Necromancy


You had 4 spell levels left.
You knew the following spells:

 Your Spells              Type           Power      Damage    Failure   Level
z - Pain                  Necr           56%        1d6       4%          1

Your spell library contained the following spells:

 Spells                   Type           Power      Damage    Failure   Level
 Animate Skeleton         Necr           28%        N/A       4%          1
 Vampiric Draining        Necr           7%         2d7       12%         3
 Animate Dead             Necr           7%         N/A       36%         4
 Agony                    Necr           14%        N/A       73%         5

Inventory:

Scrolls
 b - a scroll of magic mapping {unknown}
 e - a scroll of identify {unknown}
Potions
 a - 2 potions of curing {unknown}
 c - 3 potions of mutation {unknown}
 d - a potion of haste {unknown}

Dungeon Overview and Level Annotations

Branches:
Dungeon (1/15)

Altars:

▒▒▒▒▒▒▒▒▒
▒▒........
▒.........
▒▒▒▒
▒.▒▒▒.▒.▒.
▒..
▒..▒..▒▒▒.
▒K▒
▒†▒▒▒.▒.▒.
▒h▒
▒...††....
▒.▒
▒.▒.▒.▒▒▒.
▒.▒
▒.▒▒▒.(▒..
▒.▒
▒.▒.▒.▒▒▒.
▒.▒
▒.........
▒.▒
▒▒▒▒......
▒.▒
▒▒.....
▒.▒ ▒▒....
▒.▒ ▒.▒▒.


You could see a kobold.


Message History

You scratch the kobold but do no damage.
The kobold barely misses you.
You scratch the kobold but do no damage.
The kobold closely misses you.
You scratch the kobold but do no damage.
The kobold hits you but does no damage.
You closely miss the kobold. The kobold misses you.
You scratch the kobold but do no damage.
The kobold completely misses you.
You scratch the kobold but do no damage.
The kobold hits you with a +0 short sword.
You barely miss the kobold. The kobold barely misses you.
You closely miss the kobold.
The kobold hits you with a +0 short sword.
* * * LOW HITPOINT WARNING * * *
You scratch the kobold but do no damage.
The kobold misses you.
You scratch the kobold. Your bite misses the kobold.
The kobold is moderately wounded.
The kobold barely misses you.
You scratch the kobold but do no damage.
The kobold is moderately wounded.
The kobold completely misses you.
You scratch the kobold.
The kobold is severely wounded.
The kobold hits you with a +0 short sword.
You die...

Action                   || total
-------------------------++-------
Melee: Unarmed           ||    60
       Bite              ||     6
 Stab: Sleeping          ||     8
Armor: Skin              ||     8
Dodge: Dodged            ||    43

Levels and vault maps discovered:
D:1:      minmay_arrival_jagged, layout_loops_ring, minmay_heptomino_h4

Notes
Turn   | Place    | Note
-------+----------+-------------------------------------------
     0 | D:1      | sanka the Felid Necromancer began the quest for the Orb.
     0 | D:1      | Reached XP level 1. HP: 7/7 MP: 4/4
    36 | D:1      | Reached skill level 3 in Dodging
   187 | D:1      | Reached XP level 2. HP: 11/11 MP: 6/6
   250 | D:1      | Reached skill level 4 in Dodging
   794 | D:1      | Slain by a kobold

Vanquished Creatures
  4 bats (D:1)
  3 endoplasms (D:1)
  3 goblins (D:1)
  A hobgoblin (D:1)
  2 frilled lizards (D:1)
  A kobold (D:1)
  6 rats (D:1)
20 creatures vanquished.
